 Dungeon Crawl Stone Soup version 0.30-a0-311-gf115ab0292 (webtiles) character file.

Game seed: 2112103653773990972

86 koil the Sneak (level 4, -5/23 HPs)
             Began as a Spriggan Brigand on Oct 25, 2022.
             Killed from afar by Natasha (9 damage)
             ... with a magic dart
             ... on level 2 of the Dungeon.
             The game lasted 00:03:09 (1249 turns).

koil the Sneak (Spriggan Brigand)                   Turns: 1249, Time: 00:03:10

Health: -5/23      AC:  3    Str:  7    XL:     4   Next: 27%
Magic:  7/7        EV: 17    Int: 14    God:
Gold:   91         SH:  0    Dex: 16    Spells: 6/6 levels left

rFire   . . .      SeeInvis +    a - +2 dagger
rCold   . . .      Faith    .    (no shield)
rNeg    . . .      Spirit   .    b - +0 robe
rPois   .          Reflect  .    (helmet restricted)
rElec   .          Harm     .    c - +0 cloak
rCorr   .          Rampage  .    (gloves unavailable)
Will    .....                    (boots unavailable)
Stlth   +++.......               (no amulet)
HPRegen 0.23/turn                (no ring)
MPRegen 0.10/turn                (no ring)

@: slowed, quick
A: very small, no large weapons, unfitting armour, see invisible, speed 3
a: no special abilities


You were on level 2 of the Dungeon.
You visited 1 branch of the dungeon, and saw 2 of its levels.

You collected 91 gold pieces.

Inventory:

Hand Weapons
 a - a +2 dagger (weapon)
Missiles
 d - 15 poisoned darts (quivered)
 e - 7 curare-tipped darts
Armour
 b - a +0 robe (worn)
 c - a +0 cloak (worn)
Magical Staves
 n - a staff of fire
Jewellery
 k - an amulet of the acrobat
Scrolls
 f - a scroll of immolation {unknown}
 g - 3 scrolls of identify {unknown}
 h - a scroll of summoning {unknown}
 i - a scroll of noise {unknown}
 j - 3 scrolls of magic mapping {unknown}
 m - a scroll of teleportation {unknown}
 o - a scroll of enchant armour {unknown}
Potions
 l - a potion of heal wounds {unknown}


   Skills:
 + Level 2.2 Fighting
 + Level 2.9 Short Blades
 - Level 2.0 Throwing
 + Level 2.5 Dodging
 + Level 6.5 Stealth
 + Level 1.9 Spellcasting


You had 6 spell levels left.
You didn't know any spells.
Your spell library was empty.

Dungeon Overview and Level Annotations

Branches:
Dungeon (2/15)

Altars:

Shops:
D:2 =

Annotations:
D:2 Natasha


Innate Abilities, Weirdness & Mutations

You are very small and have problems with some larger weapons.
You are too small for most types of armour.
You have supernaturally acute eyesight. (SInv)
You cover ground extremely quickly. (Speed+++)


Message History

Natasha misses you.
You hit Natasha.
Natasha is heavily wounded.
Natasha casts a spell at you.
You feel yourself slow down.
You closely miss Natasha.
Natasha is heavily wounded.
Natasha stares at you and mumbles some strange words.
You easily resist.
You barely miss Natasha.
Natasha is heavily wounded.
Natasha barely misses you.
You miss Natasha.
Natasha is heavily wounded.
Natasha claws you.
You hit Natasha.
Natasha is almost dead.
Natasha howls an incantation.
Natasha shimmers violently.
Natasha casts a spell at you. The magic dart hits you!
* * * LOW HITPOINT WARNING * * *
Natasha misses you. Natasha attacks as you move away!
Natasha completely misses you. Natasha attacks as you move away!
Natasha barely misses you.
Natasha stares at you and mumbles some strange words.
You easily resist.
Natasha casts a spell at you. The magic dart hits you.
* * * LOW HITPOINT WARNING * * *
Natasha mumbles some strange words.
Natasha's front paws start to glow.
You see here 3 stones.
Natasha mumbles some strange words.
Natasha casts a spell at you.
You feel as though you will be slow longer.
Natasha casts a spell.
Natasha stares at you and mumbles some strange words.
The magic dart hits you!
You die...

#...# #...# #..#
#...# #..# ##.##
#..# #.# #..#
#####.# #..# ......#
#..# ......#
########..#
......####......@.<#
........(5h.#####..#
......####.........#
......# #..######.#
......# #..# #.#
#####.# #..# #.#
.####.# #..## #.#
......## #.... ...
####...###..# .#


You could see an iron imp (summoned) and Natasha.

Vanquished Creatures
  A gnoll (D:1)
  2 adders (D:2)
  A worm (D:2)
  2 dart slugs (D:1)
  2 endoplasms
  A giant cockroach (D:1)
  4 goblins
  4 hobgoblins
  3 jackals (D:1)
  2 kobolds
  3 quokkas
  A ball python (D:2)
  7 bats (D:1)
  3 frilled lizards (D:1)
  22 rats
58 creatures vanquished.

Notes
Turn   | Place    | Note
-------+----------+-------------------------------------------
     0 | D:1      | koil the Spriggan Brigand began the quest for the Orb.
     0 | D:1      | Reached XP level 1. HP: 10/10 MP: 2/2
   109 | D:1      | Reached skill level 6 in Stealth
   113 | D:1      | Reached skill level 1 in Spellcasting
   113 | D:1      | Reached XP level 2. HP: 7/15 MP: 2/4
   431 | D:1      | Reached XP level 3. HP: 18/18 MP: 5/5
   856 | D:2      | Found Caynnuti's Jewellery Emporium.
  1101 | D:2      | Reached XP level 4. HP: 23/23 MP: 7/7
  1217 | D:2      | Noticed Natasha
  1233 | D:2      | HP: 1/23 [Natasha/magic dart (3)]
  1249 | D:2      | Killed from afar by Natasha

Illustrated notes

Levels and vault maps discovered:
D:1:      minmay_arrival_radiant_lines, layout_basic, minmay_tromino_i4
D:2:      layout_basic, serial_shops, shop, basic_altar, minmay_rat_hole,
          uniq_natasha

Skill      XL: |  1  2  3 |
---------------+----------+-----
Stealth        | 6 |  6.5
Spellcasting   | 1 |  1.9
Dodging        | 2 |  2.5
Fighting       | 2 |  2.2
Short Blades   | |  2.9
Throwing       | |  2.0

Action                   |  1- 3 |  4- 6 || total
-------------------------+-------+-------++-------
Melee: Dagger            |   122 |    42 ||   164
       Punch             |       |     1 ||     1
 Stab: Sleeping          |    10 |     7 ||    17
       Distracted        |     1 |       ||     1
Armor: Robe              |     6 |     4 ||    10
Dodge: Dodged            |    82 |    27 ||   109

Table legend: (Time is in decaauts)
 A = Elapsed time spent in this place.
 B = Non-inter-level travel time spent in this place.
 C = Inter-level travel time spent in this place.
 D = Time resting spent in this place.
 E = Time spent auto-exploring this place.
 F = Levels seen in this place.
 G = Mean time per level.
                   A        B        C        D        E       F      G
               +--------+--------+--------+--------+--------+-----+--------+
         Total |    872 |    860 |     12 |      4 |    585 |   2 |  436.0 |
       Dungeon |    872 |    860 |     12 |      4 |    585 |   2 |  436.0 |
               +--------+--------+--------+--------+--------+-----+--------+

Top non-repeatable levels by time:
     D:1: 574 daAuts
     D:2: 298 daAuts
